 Dungeon Crawl Stone Soup version 0.27-a0-686-gaed091b46b (webtiles) character file.

Game seed: 13927065779104145987

885 DarkShadow the Ruffian (level 7, -2/67 HPs)
             Began as a Troll Fighter on Mar 21, 2021.
             Slain by an orc warrior
             ... wielding a +0 trident
              (17 damage)
             ... on level 7 of the Dungeon.
             The game lasted 00:24:13 (4316 turns).

DarkShadow the Ruffian (Troll Fighter)              Turns: 4316, Time: 00:24:13

Health: -2/67      AC:  6    Str: 26    XL:     7   Next: 76%
Magic:  6/6        EV:  9    Int:  4    God:
Gold:   282        SH:  9    Dex: 10    Spells: 6/6 levels left

rFire    . . .     SeeInvis .     - Unarmed
rCold    . . .     Faith    .   b - +0 kite shield
rNeg     . . .     Spirit   .   a - +0 robe
rPois    .         Reflect  .   (helmet restricted)
rElec    .         Harm     .   m - +1 cloak {rCorr}
rCorr    +         Rampage  .   (gloves unavailable)
Will     .....                  (boots unavailable)
Stlth    +.........             (no amulet)
HPRegen  1.21/turn              (no ring)
MPRegen  0.10/turn              (no ring)

@: lethally poisoned (-2 -> -2)
A: large, unfitting armour, claws 3, regeneration 1, shaggy fur 1, tough skin 1
a: no special abilities


You were on level 7 of the Dungeon.
You visited 1 branch of the dungeon, and saw 7 of its levels.

You collected 282 gold pieces.

Inventory:

Hand Weapons
 l - a +0 morningstar
Armour
 a - a +0 robe (worn)
 b - a +0 kite shield (worn)
 m - a +1 cloak of preservation (worn)
Jewellery
 k - a ring of protection from cold
Wands
 n - a wand of acid (10)
 o - a wand of flame (16)
Scrolls
 i - 2 scrolls of brand weapon {unknown}
 j - a scroll of noise {unknown}
 p - 3 scrolls of teleportation
Potions
 d - 2 potions of flight
 e - a potion of degeneration
 f - a potion of attraction
 g - 3 potions of ambrosia


   Skills:
 + Level 3.2 Fighting
 + Level 4.1 Dodging
 + Level 0.5 Stealth
 + Level 4.1 Shields
 + Level 6.2 Unarmed Combat


You had 6 spell levels left.
You didn't know any spells.
Your spell library contained the following spells:

 Spells                   Type           Power      Damage    Failure   Level
 Animate Armour           Summ/Erth      0%         N/A       100%        4
 Leda's Liquefaction      Hex/Erth       0%         N/A       100%        4
 Bolt of Magma            Conj/Fire/Erth 0%         4d4       100%        5
 Iron Shot                Conj/Erth      0%         9d1       100%        6
 Statue Form              Tmut/Erth      0%         N/A       100%        6
 Shatter                  Erth           0%         3d5*      100%        9


Dungeon Overview and Level Annotations

Branches:
Dungeon (7/15)             Temple (0/1) D:6

Altars:
Nemelex Xobeh

Shops:
D:1 !


Innate Abilities, Weirdness & Mutations

You are too large for most types of armour.
You have claws for hands.
Your natural rate of healing is unusually fast.
You are covered in fur. (AC +1)
You have tough skin. (AC +1)


Message History

You scratch the ooze.
The ooze is moderately wounded.
You hear a shout!
The ooze misses you.
You barely miss the ooze.
The ooze is moderately wounded.
You block the ooze's attack.
You scratch the ooze.
The ooze is heavily wounded.
You block the ooze's attack.
An orc warrior comes into view. It is wielding a +0 trident.
You barely miss the ooze.
The ooze is heavily wounded.
The ooze barely misses you.
You scratch the ooze.
The ooze is almost dead.
The ooze hits you but does no damage.
An orc priest comes into view. It is wielding a +0 mace.
You barely miss the ooze.
The ooze is almost dead.
The ooze hits you but does no damage.
The orc hits you with a +1 falchion of venom!
You are poisoned.
You claw the ooze!
You kill the ooze!
You feel sick. You block the orc's attack.
You claw the orc!
You kill the orc!
You feel sick. The orc hits you with a +0 hand axe.
You scratch the orc but do no damage.
You feel sick. You block the orc's attack. The orc warrior barely misses you.
You barely miss the orc. You block the orc's attack.
The orc hits you with a +0 mace!
* * * LOW HITPOINT WARNING * * *
The orc warrior hits you from afar with a +0 trident.
* * * LOW HITPOINT WARNING * * *
The orc closely misses you. The orc barely misses you.
You feel sick.
The orc warrior hits you from afar with a +0 trident!
You die...

... .. ###
# .. ...
#.##.##.##
.#......


oo... #)o##..# #@o....# ######..# You could see an orc warrior, an orc priest
and 2 orcs.

Vanquished Creatures
  A water moccasin (D:6)
  A sky beast (D:6)
  A centaur (D:5)
  A bullfrog (D:4)
  2 orc priests (D:4)
  7 orc wizards
  2 worker ants
  A hound skeleton (D:4)
  2 gnolls (D:6)
  8 adders
  3 oozes
  An adder zombie (D:5)
  3 worms
  A dart slug (D:2)
  5 leopard geckos
  24 orcs
  10 bats
  9 giant cockroaches
  3 goblins
  7 hobgoblins
  4 jackals
  11 kobolds
  4 quokkas
  6 frilled lizards
  2 jackal skeletons
  5 rats
  2 bushes (D:1)
126 creatures vanquished.

Vanquished Creatures (others)
  6 plants
6 creatures vanquished.

Grand Total: 132 creatures vanquished

Notes
Turn   | Place    | Note
-------+----------+-------------------------------------------
     0 | D:1      | DarkShadow the Troll Fighter began the quest for the Orb.
     0 | D:1      | Reached XP level 1. HP: 22/22 MP: 0/0
   125 | D:1      | Reached XP level 2. HP: 29/29 MP: 1/1
   263 | D:1      | Found Buh Gee's Distillery.
   736 | D:2      | Reached XP level 3. HP: 23/36 MP: 2/2
   981 | D:2      | Reached XP level 4. HP: 44/44 MP: 3/3
  1691 | D:3      | Reached skill level 3 in Unarmed Combat
  1691 | D:3      | Reached XP level 5. HP: 12/52 MP: 4/4
  2671 | D:4      | Found a sparkling altar of Nemelex Xobeh.
  2769 | D:4      | Reached skill level 4 in Unarmed Combat
  2774 | D:4      | Reached XP level 6. HP: 59/59 MP: 5/5
  3164 | D:4      | Reached skill level 5 in Unarmed Combat
  3743 | D:5      | Entered Level 5 of the Dungeon
  3838 | D:5      | Reached XP level 7. HP: 67/67 MP: 6/6
  3926 | D:5      | You fall into a shaft and drop 1 floor!
  4104 | D:6      | HP: 3/67 [orc wizard/puff of flame (11)]
  4106 | D:6      | Reached skill level 6 in Unarmed Combat
  4106 | D:6      | HP: 1/67 [gnoll (2)]
  4316 | D:7      | Slain by an orc warrior

Illustrated notes

Levels and vault maps discovered:
D:1:      psy_arrival_conway, layout_rooms, serial_shops, shop
D:2:      layout_rooms
D:3:      layout_rooms
D:4:      layout_loops_corners, nemelex_xobeh_ov_fountains_minmay,
          chequers_big_river
D:5:      layout_loops_ring, hangedman_abyss_or_decor_passed, uniq_pikel
D:6:      layout_cave_pools, minmay_temple_entry_purple_smoke,
          serial_column_ruins, column_ruins_columns_dead_end,
          column_ruins_corridor_dead_end, column_ruins_open_tiny,
          column_ruins_grid_3
D:7:      layout_basic, grunt_temple_overflow_diamond, basic_altar,
          minmay_small_thing

Skill      XL: |  1  2  3  4  5  6  7 |
---------------+----------------------+-----
Dodging        | 3 4 |  4.1
Shields        | 3 4 |  4.1
Unarmed Combat | 3 4 5 6 |  6.2
Fighting       | 3 |  3.2
Stealth        | |  0.5

Action                   |  1- 3 |  4- 6 |  7- 9 || total
-------------------------+-------+-------+-------++-------
Melee: Unarmed           |   173 |   247 |    62 ||   482
  Use: Scroll            |       |     3 |     5 ||     8
       Potion            |       |       |     3 ||     3
Armor: Robe              |    41 |    68 |    27 ||   136
Dodge: Dodged            |    41 |    67 |    25 ||   133
Block: Kite shield       |    63 |   113 |    21 ||   197

Table legend: (Time is in decaauts)
 A = Elapsed time spent in this place.
 B = Non-inter-level travel time spent in this place.
 C = Inter-level travel time spent in this place.
 D = Time resting spent in this place.
 E = Time spent auto-exploring this place.
 F = Levels seen in this place.
 G = Mean time per level.
                   A        B        C        D        E       F      G
               +--------+--------+--------+--------+--------+-----+--------+
         Total |   4392 |   4386 |      6 |    614 |   1057 |   7 |  627.4 |
       Dungeon |   4392 |   4386 |      6 |    614 |   1057 |   7 |  627.4 |
               +--------+--------+--------+--------+--------+-----+--------+

Top non-repeatable levels by time:
     D:4: 1347 daAuts
     D:2: 891 daAuts
     D:3: 868 daAuts
     D:1: 741 daAuts
     D:6: 361 daAuts
     D:5: 170 daAuts
     D:7: 11 daAuts
